Map: 옥사이드 - 래더

Players

cure - Winner!

  • Race: Terran Terran
  • Spawn Location: 1:00

Reynor

  • Race: Zerg Zerg
  • Spawn Location: 7:00

Event: StayAtHome Story Cup #3

VOD

Have the link to the VOD?

Description

Time

  • Played on: March 12, 2021, 10:18 a.m.
  • Length: 12:21

All games in this series

Show
View Real Time Build Order
Export as new Build Order

cure Terran - Winner!

Build Orders: Hellion Opening, Reaper Expand 

Get SALT Encoding   

  12  0:00  SCV  
  13  0:12  SCV  
  14  0:17  Supply Depot  
  14  0:24  SCV  
  15  0:39  SCV  
  15  0:41  Barracks  
  16  0:42  Refinery  
  16  0:51  SCV  
  17  1:03  SCV  
  18  1:15  SCV  
  19  1:27  Orbital Command  
  19  1:28  Reaper  
  20  1:39  Command Center  
  20  1:48  Supply Depot  
  20  1:53  SCV  
  21  2:00  Marine  
  22  2:05  SCV  
  23  2:12  Factory  
  23  2:17  SCV  
  23  2:19  Barracks Reactor  
  24  2:29  SCV  
  25  2:42  SCV, Command Center  
  26  2:50  Orbital Command  
  26  2:54  SCV  
  27  2:59  Starport  
  27  3:06  SCV  
  27  3:10  Hellion x2  
  32  3:16  SCV  
  32  3:18  Refinery, SCV  
  32  3:19  Marine  
  35  3:29  SCV  
  35  3:30  SCV  
  35  3:31  Hellion  
  35  3:32  Hellion  
  41  3:36  Viking  
  41  3:41  SCV  
  44  3:42  SCV  
  44  3:44  Barracks Tech Lab  
  45  3:53  SCV  
  45  3:55  Orbital Command, Hellion  
  48  3:56  Hellion  
  48  4:02  SCV  
  51  4:03  Supply Depot  
  51  4:05  SCV  
  51  4:07  Liberator  
  55  4:15  SCV  
  55  4:16  Marine  
  57  4:17  SCV  
  57  4:21  SCV  
  57  4:22  Supply Depot  
  57  4:24  Hellion x2  
  61  4:30  SCV x2  
  65  4:32  Armory  
  65  4:33  SCV  
  65  4:34  Marine  
  65  4:38  Supply Depot  
  67  4:44  SCV x2  
  69  4:45  SCV  
  69  4:48  Hellion x2  
  69  4:50  Stimpack  
  69  4:52  Marine  
  75  4:58  SCV x2  
  78  5:00  SCV  
  78  5:01  Supply Depot  
  78  5:02  Supply Depot  
  78  5:10  SCV x2, Marine  
  78  5:12  SCV  
  78  5:13  Hellion  
  84  5:14  Starport Reactor  
  84  5:21  Supply Depot  
  84  5:22  Supply Depot  
  84  5:23  Orbital Command, Hellion  
  84  5:26  Barracks  
  84  5:27  Marine  
  84  5:28  SCV x2, Barracks  
  89  5:40  SCV x2  
  91  5:45  Marine  
  89  5:56  SCV x2, Barracks, Factory Tech Lab  
  91  5:57  Refinery x2  
  91  5:58  Barracks, Engineering Bay x2  
  91  5:59  Starport Reactor  
  91  6:02  SCV  
  91  6:03  Marine  
  89  6:08  SCV  
  84  6:16  Siege Tank  
  85  6:19  Barracks Tech Lab  
  85  6:20  Barracks Reactor  
  85  6:21  SCV x3, Marine  
  83  6:29  Terran Infantry Weapons Level 1  
  83  6:30  Terran Infantry Armor Level 1  
  83  6:31  Hellion x3  
  81  6:33  Terran Vehicle Weapons Level 1  
  81  6:36  SCV  
  81  6:37  SCV x2  
  81  6:39  Marine x2  
  86  6:49  SCV x3  
  86  6:50  Marine x4  
  86  6:51  Siege Tank  
  96  6:56  Marine  
  96  6:57  Marine, Supply Depot  
  96  6:58  Medivac, Supply Depot  
  96  6:59  Marine x2  
  96  7:01  SCV  
  103  7:02  Medivac  
  103  7:08  Marine x2  
  107  7:09  Refinery, Marine  
  107  7:10  Refinery, Marine  
  107  7:14  Marine  
  107  7:15  Marine  
  110  7:17  Marine  
  110  7:19  Marine  
  110  7:20  Concussive Shells, Combat Shield  
  109  7:25  Marine x2  
  109  7:26  Marine, Supply Depot  
  112  7:31  SCV x3  
  112  7:35  Command Center  
  113  7:37  Marauder x2, Marine x2  
  113  7:38  Marine  
  113  7:42  Siege Tank  
  113  7:43  Marine  
  124  7:47  Medivac  
  124  7:48  Medivac  
  119  7:56  Marine x5  
  120  7:59  Marauder x2  
  120  8:01  Marine  
  120  8:02  SCV  
  120  8:03  SCV x2  
  128  8:07  Sensor Tower  
  128  8:10  Missile Turret  
  128  8:14  SCV, Factory, Marine x5  
  128  8:15  SCV x2, Siege Tank  
  128  8:19  Marine, Supply Depot  
  140  8:20  Supply Depot  
  140  8:26  Marauder  
  140  8:27  Terran Infantry Weapons Level 2  
  140  8:28  Marauder  
  139  8:37  Marine x2  
  139  8:40  Marine x4  
  145  8:42  Supply Depot  
  145  8:43  Supply Depot  
  145  8:45  SCV  
  145  8:46  SCV x2  
  145  8:47  Marauder  
  145  8:48  Planetary Fortress  
  150  8:49  Marauder, Medivac x2  
  155  8:59  Marine x3  
  155  9:00  Factory Tech Lab, Marine x3, Siege Tank  
  164  9:08  Marauder  
  165  9:10  Bunker  
  165  9:11  Marauder  
  165  9:12  Terran Infantry Armor Level 2  
  165  9:16  Supply Depot  
  167  9:17  Supply Depot  
  163  9:25  Marine x6  
  163  9:26  Siege Tank  
  163  9:29  Bunker  
  163  9:30  Marauder  
  174  9:32  Marauder  
  174  9:35  Barracks x2  
  174  9:36  Barracks  
  174  9:37  Siege Tank  
  174  9:38  Medivac  
  177  9:46  Marine x4  
  177  9:51  Marauder  
  177  9:52  Marine x2  
  185  9:53  Marauder  
  185  9:56  Refinery  
  185  9:57  Refinery  
  185  9:58  Siege Tank  
  185  9:59  Medivac  
  192  10:04  Marine x2  
  192  10:06  Marine x2  
  175  10:08  Medivac  
  175  10:10  Marine x2  
  175  10:13  Marauder  
  160  10:15  Marauder, Siege Tank  
  164  10:22  Marine x2  
  164  10:24  Marine x2  
  164  10:25  Barracks Tech Lab x3  
  164  10:28  Marine x2  
  170  10:34  Marauder  
  172  10:36  Marauder, Siege Tank  
  172  10:37  Medivac  
  172  10:40  Marine x2  
  172  10:42  Marine x2  
  183  10:45  Marauder x3, Marine x2  
  190  10:55  Marauder  
  183  10:58  Marauder, Marine x2  
  183  10:59  Marine x2  
  183  11:00  Siege Tank  
  183  11:03  Marine x2  
  193  11:06  Marauder x3  
  193  11:08  Medivac  
  195  11:15  Marine x2  
  195  11:16  Marine  
  195  11:18  Marine x2  
  194  11:27  Marauder  
  194  11:29  Marauder x2, Marine x3  
  194  11:31  Siege Tank  
  194  11:32  Medivac, Siege Tank  
  192  11:37  Marine x2  
  192  11:38  Marauder, Marine x2  
  195  11:46  Marine x2  
  196  11:47  Marauder  
  196  11:49  Marauder  
  196  11:50  Command Center  
  193  11:57  Marauder x2, Marine x4  
  193  11:59  Marauder  
Show
View Real Time Build Order
Export as new Build Order

Reynor Zerg 

Build Orders: Hatch First 

Get SALT Encoding   

  12  0:00  Drone  
  13  0:12  Overlord  
  13  0:16  Drone  
  14  0:30  Drone x2  
  16  0:47  Hatchery  
  15  0:50  Drone  
  15  0:54  Drone  
  17  0:58  Drone  
  18  1:08  Extractor  
  17  1:13  Spawning Pool  
  17  1:15  Drone  
  17  1:20  Drone  
  18  1:27  Drone  
  19  1:38  Drone  
  20  1:49  Overlord  
  20  1:59  Queen x2  
  20  2:00  Zergling x4  
  26  2:10  Drone x2  
  28  2:21  Drone x2  
  30  2:27  Hatchery  
  29  2:32  Drone x2  
  31  2:39  Queen  
  33  2:45  Overlord  
  33  2:49  Metabolic Boost  
  33  2:52  Drone  
  33  2:54  Drone  
  33  2:56  Drone  
  36  3:03  Drone  
  36  3:04  Drone  
  38  3:11  Overlord  
  38  3:12  Drone x2  
  40  3:16  Queen  
  42  3:21  Queen  
  44  3:30  Drone x2  
  44  3:32  Overlord  
  44  3:34  Drone  
  47  3:41  Queen  
  47  3:42  Zergling x2  
  47  3:43  Zergling x2  
  47  3:45  Drone x3  
  47  3:47  Zergling x2  
  55  3:51  Drone x3  
  55  3:52  Drone  
  59  3:59  Overlord  
  59  4:01  Queen  
  61  4:03  Drone x2  
  61  4:09  Overlord  
  63  4:12  Drone x2  
  63  4:13  Drone  
  66  4:18  Overlord  
  66  4:28  Drone x3, Extractor  
  66  4:31  Drone x3  
  70  4:33  Overlord  
  70  4:35  Drone x2  
  73  4:40  Lair  
  73  4:45  Drone x2, Overlord  
  73  4:49  Evolution Chamber x2  
  73  4:50  Roach Warren  
  73  4:51  Drone x2  
  74  4:54  Spore Crawler  
  74  4:55  Spore Crawler  
  74  4:57  Roach Warren  
  74  4:58  Drone x4  
  76  5:02  Zergling x6  
  76  5:05  Overlord  
  79  5:08  Drone  
  79  5:13  Drone  
  81  5:17  Drone x3  
  81  5:18  Drone  
  81  5:19  Drone, Extractor x2, Zerg Missile Weapons Level 1  
  84  5:23  Overlord  
  84  5:24  Zerg Ground Armor Level 1  
  84  5:25  Drone  
  84  5:26  Drone x2  
  87  5:37  Roach x5  
  87  5:38  Roach  
  93  5:46  Zergling x2, Roach  
  90  5:52  Drone x2  
  89  6:01  Zergling x2, Roach  
  89  6:03  Drone  
  82  6:06  Drone  
  82  6:07  Drone  
  82  6:09  Drone  
  77  6:13  Drone x2  
  73  6:23  Drone x4  
  72  6:28  Roach  
  72  6:29  Roach x4  
  72  6:31  Glial Reconstitution  
  76  6:33  Queen  
  76  6:35  Drone  
  76  6:39  Extractor, Queen  
  80  6:40  Extractor  
  80  6:42  Drone x2  
  83  6:47  Roach  
  83  6:48  Roach  
  83  6:50  Roach x2  
  83  6:52  Roach  
  83  6:53  Drone  
  92  6:54  Drone  
  92  6:59  Roach  
  95  7:02  Roach  
  95  7:04  Roach  
  99  7:09  Roach  
  99  7:14  Drone  
  102  7:18  Drone x3  
  102  7:20  Roach x2  
  107  7:23  Roach  
  107  7:28  Overlord  
  109  7:31  Roach  
  109  7:34  Roach  
  113  7:39  Overlord  
  113  7:44  Overlord  
  113  7:47  Roach x6  
  113  7:49  Ravager x2  
  113  7:51  Roach x2  
  121  8:01  Roach x4  
  121  8:02  Overlord x2  
  121  8:04  Ravager  
  121  8:05  Ravager x2  
  132  8:12  Roach  
  134  8:13  Roach x2  
  138  8:21  Roach x3  
  138  8:24  Overlord  
  138  8:26  Roach  
  146  8:28  Roach  
  146  8:32  Roach  
  146  8:33  Roach x5  
  154  8:34  Overlord  
  154  8:38  Overlord  
  154  8:44  Roach x3  
  154  8:45  Roach x2  
  162  8:49  Overlord  
  162  8:54  Roach  
  166  8:55  Roach  
  166  8:58  Hatchery  
  166  9:01  Overlord  
  166  9:02  Roach x4  
  173  9:07  Overlord  
  173  9:10  Roach x3  
  173  9:15  Overlord  
  177  9:19  Overlord  
  177  9:21  Roach x2  
  177  9:22  Roach  
  186  9:24  Ravager x5  
  186  9:26  Roach x2  
  186  9:29  Ravager  
  186  9:30  Ravager x3  
  194  9:33  Roach  
  194  9:37  Ravager x2  
  200  9:38  Roach x2  
  200  9:56  Hatchery  
  199  10:06  Roach x8  
  163  10:08  Roach x3  
  163  10:09  Roach  
  163  10:12  Roach x3  
  145  10:14  Roach x3  
  145  10:19  Roach x2  
  145  10:20  Roach  
  153  10:21  Roach  
  153  10:27  Roach  
  157  10:30  Ravager x2  
  157  10:31  Ravager x3  
  157  10:32  Roach  
  164  10:36  Roach x2  
  164  10:41  Roach x4  
  176  10:46  Roach  
  176  10:49  Roach x3  
  182  10:54  Roach x2  
  178  11:04  Roach x3  
  180  11:05  Drone  
  175  11:15  Drone x5  
  180  11:23  Ravager  
  170  11:25  Extractor  
  170  11:26  Extractor  
  170  11:28  Roach x2  
  170  11:29  Roach x2  
  170  11:32  Roach x2  
  138  11:36  Roach x2  
  138  11:37  Roach  
  138  11:39  Roach x5  
  150  11:40  Roach x2  
  150  11:42  Ravager x3  
  150  11:44  Roach  
  155  11:49  Roach  
  155  11:50  Roach x3  
  158  12:00  Roach x6  
  154  12:04  Ravager x2  
Tags
 
Add a new tag
Caveats
  • Supply blocks, unpowered buildings, or Contaminate may cause inaccurate times.
  • Supply counts are checked every 10 seconds.